Map: [ESL] Post-Youth

Players

LiquidElazer (Elazer)

  • Race: Zerg Zerg
  • Spawn Location: 1:00

gumiho - Winner!

  • Race: Terran Terran
  • Spawn Location: 7:00

Event: HomeStory Cup XXV

VOD

Have the link to the VOD?

Description

Time

  • Played on: June 23, 2024, 8:48 a.m.
  • Length: 7:54

All games in this series

Show
View Real Time Build Order
Export as new Build Order

LiquidElazer Zerg 

Build Orders: Hatch First, Ravager All-In 

Get SALT Encoding   

  12  0:00  Drone  
  13  0:08  Drone  
  14  0:16  Drone, Extractor  
  15  0:38  Hatchery  
  15  0:42  Extractor  
  13  0:43  Drone  
  13  0:49  Overlord  
  15  1:04  Spawning Pool  
  15  1:07  Drone  
  15  1:11  Drone  
  15  1:15  Drone  
  17  1:19  Drone  
  18  1:29  Drone  
  19  1:34  Extractor  
  19  1:39  Drone  
  19  1:50  Drone x2  
  19  1:51  Queen  
  19  1:52  Queen  
  25  2:01  Drone, Overlord  
  26  2:12  Drone x2  
  28  2:25  Extractor  
  28  2:28  Spore Crawler  
  26  2:30  Queen x2  
  26  2:35  Overlord  
  26  2:36  Drone  
  31  2:39  Drone x2  
  35  2:48  Overlord  
  35  2:50  Drone  
  36  2:54  Drone x2  
  38  3:02  Drone x3  
  38  3:05  Drone x3  
  44  3:08  Lair  
  44  3:13  Drone x2  
  44  3:17  Drone  
  47  3:20  Roach Warren  
  47  3:21  Extractor  
  47  3:22  Extractor  
  47  3:24  Drone  
  45  3:27  Pneumatized Carapace  
  45  3:33  Overlord  
  46  3:34  Drone  
  46  3:36  Extractor  
  46  3:37  Drone x3  
  46  3:39  Drone  
  49  3:47  Drone  
  50  3:51  Overlord  
  50  3:59  Hatchery  
  49  4:03  Roach x3  
  49  4:06  Overseer  
  55  4:11  Roach  
  55  4:12  Roach  
  55  4:13  Overlord  
  55  4:16  Drone  
  60  4:21  Drone x3  
  63  4:24  Infestation Pit  
  63  4:30  Ravager  
  63  4:31  Drone x3, Ravager  
  64  4:35  Drone x2  
  64  4:38  Ravager  
  70  4:41  Ravager  
  71  4:51  Ravager  
  72  4:53  Overlord  
  72  4:54  Drone x4  
  76  5:00  Overlord  
  76  5:01  Hive  
  76  5:07  Queen  
  76  5:08  Evolution Chamber  
  71  5:15  Drone x7  
  71  5:16  Glial Reconstitution  
  71  5:21  Overlord  
  78  5:26  Roach x2  
  82  5:29  Roach x2  
  82  5:32  Overlord  
  82  5:35  Zerg Ground Armor Level 1  
  86  5:38  Roach  
  86  5:39  Roach  
  86  5:42  Extractor  
  89  5:43  Extractor  
  89  5:49  Roach x4  
  92  5:51  Roach  
  92  5:52  Roach  
  92  5:56  Roach x2  
  98  6:01  Queen  
  100  6:04  Roach x3  
  100  6:10  Overlord  
  106  6:19  Overlord  
  106  6:25  Overlord  
  102  6:26  Ultralisk Cavern  
  102  6:29  Drone x11  
  112  6:40  Drone x3  
  113  6:48  Drone  
  113  6:50  Drone  
  113  6:52  Drone  
  116  6:54  Drone  
  116  6:58  Overlord x2  
  116  7:00  Overlord  
  115  7:10  Roach x7  
Show
View Real Time Build Order
Export as new Build Order

gumiho Terran - Winner!

Build Orders: Reaper Expand 

Get SALT Encoding   

  12  0:00  SCV  
  13  0:12  SCV  
  14  0:17  Supply Depot  
  14  0:24  SCV  
  15  0:38  SCV  
  15  0:40  Barracks  
  16  0:44  Refinery  
  16  0:50  SCV  
  17  1:03  SCV  
  18  1:15  SCV  
  19  1:27  Orbital Command, Reaper  
  20  1:41  Command Center  
  20  1:48  Supply Depot  
  20  1:53  SCV  
  21  1:59  Marine  
  22  2:05  SCV  
  23  2:12  Factory  
  23  2:17  SCV  
  23  2:20  Barracks Reactor  
  24  2:29  SCV  
  25  2:40  Command Center  
  25  2:41  SCV  
  26  2:52  Orbital Command  
  26  2:54  SCV  
  27  3:05  Barracks Tech Lab  
  27  3:06  SCV  
  27  3:10  Barracks  
  28  3:18  SCV  
  28  3:19  Barracks, Factory Reactor  
  29  3:20  SCV  
  29  3:24  Marine  
  29  3:25  Stimpack  
  31  3:30  SCV  
  31  3:32  SCV, Refinery  
  33  3:40  Refinery  
  33  3:42  SCV, Marine  
  33  3:44  SCV  
  36  3:52  Orbital Command  
  36  3:54  SCV  
  37  3:56  SCV  
  37  3:57  Marine x2  
  37  3:58  Engineering Bay  
  37  3:59  Marine  
  41  4:05  Starport  
  41  4:06  SCV  
  42  4:10  SCV  
  42  4:11  Factory Reactor  
  42  4:16  Marine x2  
  42  4:17  Marine x3  
  45  4:20  Supply Depot  
  48  4:24  SCV x2  
  48  4:26  SCV  
  48  4:28  Terran Infantry Weapons Level 1  
  51  4:34  Marine x3  
  51  4:35  Marine x2  
  56  4:39  Barracks  
  56  4:42  Barracks  
  56  4:51  Supply Depot  
  56  4:52  Supply Depot  
  56  4:53  Factory Tech Lab, Medivac x2  
  56  4:55  Marine  
  56  4:58  Marine  
  56  4:59  Marine  
  63  5:00  Marine x2  
  63  5:05  Combat Shield  
  65  5:11  SCV x3  
  68  5:17  Marine x3  
  68  5:18  Marine  
  72  5:23  Supply Depot, SCV x3  
  72  5:24  Supply Depot  
  72  5:27  Barracks Reactor  
  72  5:28  Refinery  
  75  5:29  Barracks Reactor  
  75  5:30  Marine  
  76  5:39  Marine, Missile Turret  
  76  5:41  Marine  
  76  5:42  Supply Depot  
  78  5:43  Orbital Command, SCV  
  79  5:53  Medivac x2  
  79  5:54  Marine x3  
  79  5:56  Siege Tank  
  89  5:59  SCV x2  
  89  6:00  Marine  
  89  6:01  Marine  
  93  6:07  Orbital Command  
  93  6:11  SCV  
  93  6:12  SCV  
  93  6:13  Marine x4  
  93  6:15  Marine  
  93  6:16  Marine x2  
  102  6:18  Marine  
  103  6:27  Medivac  
  103  6:28  Medivac  
  103  6:29  Marine  
  103  6:30  Marine  
  109  6:35  Supply Depot, Marine x5  
  109  6:37  Supply Depot, SCV x2  
  109  6:38  SCV  
  117  6:52  Factory  
  117  6:56  Refinery  
  117  6:57  SCV x3, Siege Tank  
  117  6:58  Marine x2  
  125  7:04  Marine x2  
  120  7:29  Marine x4  
  116  7:30  Marine x5  
  113  7:44  Factory Tech Lab  
Tags
 
Add a new tag
Caveats
  • Supply blocks, unpowered buildings, or Contaminate may cause inaccurate times.
  • Supply counts are checked every 10 seconds.